 Dungeon Crawl Stone Soup version 0.29.1-15-g9cfb28693d (webtiles) character file.

Game seed: 15471767334535885553

720 carsquan the Cleaver (level 7, -9/64 HPs)
             Began as a Hill Orc Fighter on Apr 28, 2023.
             Was a Believer of Ashenzari.
             Mangled by Prince Ribbit (16 damage)
             ... on level 6 of the Dungeon.
             The game lasted 00:25:00 (5256 turns).

carsquan the Cleaver (Hill Orc Fighter)             Turns: 5256, Time: 00:25:01

Health: -9/64      AC:  8    Str: 26    XL:     7   Next: 70%
Magic:  7/7        EV: 10    Int:  8    God:    Ashenzari [**....]
Gold:   280        SH:  4    Dex: 10    Spells: 5/7 levels left

rFire   . . .      SeeInvis +   a - +1 war axe of Ashenzari's Sybil {flame, Elem, Range} (curse)
rCold   . . .      Faith    .   c - +0 buckler of the Unveiling Vision {Melee, Self} (curse)
rNeg    . . .      Spirit   .   l - +2 ring mail "Cursed Seeker" {Str+5, Elem, Melee} (curse)
rPois   .          Reflect  .   (no helmet)
rElec   .          Harm     .   (no cloak)
rCorr   .          Rampage  .   (no gloves)
Will    .....                   (no boots)
Stlth   +.........              (no amulet)
HPRegen 0.20/turn               (no ring)
MPRegen 0.10/turn               (no ring)

@: no status effects
A: no striking features
a: Renounce Religion, Curse Item, Shatter the Chains


You were on level 6 of the Dungeon.
You worshipped Ashenzari.
Ashenzari was pleased with you.
You visited 1 branch of the dungeon, and saw 6 of its levels.

You collected 280 gold pieces.

Inventory:

Hand Weapons
 a - the cursed +1 war axe of Ashenzari's Sybil (weapon) {flame, Elem, Range}

   It burns those it strikes, dealing additional fire damage.
   Big, fiery blades are also staple armaments of hydra-hunters.
   It has a curse which improves the following skills: Elements: Fire Magic, Ice
   Magic, Air Magic and Earth Magic.
   Ranged Combat: Ranged Weapons and Throwing.
 m - a +0 war axe
 p - a +2 hand axe of freezing
 y - a +1 war axe of venom
Missiles
 f - 46 stones
 k - 6 javelins
Armour
 b - a +1 scale mail
 c - the cursed +0 buckler of the Unveiling Vision (worn) {Melee, Self}

   It has a curse which improves the following skills: Melee Combat: Short
   Blades, Long Blades, Axes, Maces & Flails, Polearms, Staves and Unarmed
   Combat.
   Introspection: Fighting and Spellcasting.
 l - the cursed +2 ring mail "Cursed Seeker" (worn) {Str+5, Elem, Melee}
   (You found it on level 2 of the Dungeon)

   Str:       It affects your strength (+5).
   It has a curse which improves the following skills: Elements: Fire Magic, Ice
   Magic, Air Magic and Earth Magic.
   Melee Combat: Short Blades, Long Blades, Axes, Maces & Flails, Polearms,
   Staves and Unarmed Combat.
Jewellery
 s - a ring of fire
 u - an amulet of guardian spirit
Wands
 t - a wand of roots (13)
Scrolls
 e - 3 scrolls of teleportation
 g - 2 scrolls of enchant weapon
 h - 2 scrolls of enchant armour
 r - a scroll of poison
 w - 3 scrolls of identify
 B - a scroll of summoning
 D - 2 scrolls of blinking
 E - a scroll of fog
 F - a scroll of amnesia
Potions
 d - 3 potions of might
 i - 2 potions of heal wounds
 j - 2 potions of curing
 n - 2 potions of resistance
 o - 4 potions of invisibility
 q - 2 potions of degeneration
 v - a potion of attraction
 x - a potion of lignification
 z - 2 potions of brilliance
 A - 2 potions of mutation
 C - a potion of flight


   Skills:
 + Level 5.3(6.5) Fighting
 * Level 8.3(10.3) Axes
 + Level 5.0 Armour
 + Level 0.4 Dodging
 + Level 0.5 Stealth
 + Level 3.9 Shields
 + Level 0.2(0.5) Spellcasting
 + Level 0.1 Summonings


You had 5 spell levels left.
You knew the following spells:

 Your Spells              Type           Power      Damage    Failure   Level
a - Beastly Appendage     Tmut           0%         N/A       61%         1
j - Summon Small Mammal   Summ           0%         N/A       58%         1

Your spell library contained the following spells:

 Spells                   Type           Power      Damage    Failure   Level
 Wereblood                Tmut           0%         N/A       75%         2
 Blink                    Tloc           0%         N/A       77%         2
 Call Canine Familiar     Summ           0%         N/A       92%         3
 Ignite Poison            Fire/Tmut/Pois 0%         N/A       93%         3
 Mephitic Cloud           Conj/Pois/Air  0%         N/A       93%         3
 Summon Guardian Golem    Hex/Summ       0%         N/A       93%         3
 Spider Form              Tmut/Pois      0%         N/A       94%         3
 Freezing Cloud           Conj/Ice/Air   0%         6-21      100%        5
 Manifold Assault         Tloc           0%         N/A       100%        5
 Storm Form               Tmut/Air       0%         N/A       100%        7


Dungeon Overview and Level Annotations

Branches:
Dungeon (6/15)             Temple (0/1) D:6

Altars:
Ashenzari
Elyvilon

Shops:
D:4 ?   D:5 *

Annotations:
D:6 Prince Ribbit


Message History

The gnoll is lightly wounded.
You block the gnoll's attack. x2
You slash the gnoll! You burn the gnoll.
You kill the gnoll!
The gnoll completely misses you. Prince Ribbit hits you!
You closely miss Prince Ribbit.
Prince Ribbit is moderately wounded.
The gnoll shouts!
Prince Ribbit blinks!
The gnoll hits you but does no damage.
Prince Ribbit blinks!
The gnoll closely misses you.
Items here: $ )) †.
You hit the gnoll. You burn the gnoll.
The gnoll is lightly wounded.
The gnoll barely misses you.
You hit the gnoll. You burn the gnoll.
The gnoll is moderately wounded.
The gnoll hits you but does no damage. The gnoll hits you with a +0 spear.
* * * LOW HITPOINT WARNING * * *
You feel better.
Prince Ribbit blinks!
The gnoll barely misses you. The gnoll closely misses you.
You are too injured to fight recklessly!
You slash the gnoll! You burn the gnoll.
You kill the gnoll!
Prince Ribbit says, "You're just another fly to me."
The gnoll barely misses you.
The gnoll hits you from afar with a +0 halberd.
* * * LOW HITPOINT WARNING * * *
You see here a +0 spear.
You hit Prince Ribbit but do no damage.
Prince Ribbit is moderately wounded.
Prince Ribbit hits you.
* * * LOW HITPOINT WARNING * * *
The gnoll hits you from afar with a +0 halberd!
* * * LOW HITPOINT WARNING * * *
You slash Prince Ribbit! You burn Prince Ribbit.
Prince Ribbit is severely wounded.
Prince Ribbit hits you.
* * * LOW HITPOINT WARNING * * *
The gnoll completely misses you. Prince Ribbit hits you!
You die...

* , , , , , ..#.
, , * ,#.... , *
*..#.. , , # *
*....,> * #.
*#..##.. # #.#
##g.#..#, #.
#.###......#
#.###..)@F...#
*#.#.#######....
*#<## * * . *
#.#* ** * , ,..#
, , , ,*####* *
* ** ** * * * ,
,


You could see Prince Ribbit and a gnoll.

Vanquished Creatures
  An ice beast (D:6)
  2 ogres (D:5)
  A phantom (D:5)
  A hound (D:5)
  5 orc wizards
  Jessica (D:2)
  6 adders
  3 gnolls (D:6)
  A white imp (D:5)
  2 ufetubi
  2 worms
  A dart slug (D:1)
  6 orcs
  4 ball pythons
  13 endoplasms
  7 goblins
  8 hobgoblins
  8 jackals
  A quokka (D:1)
  3 bats (D:1)
  6 frilled lizards
  15 kobolds
  12 rats
  4 bushes (D:1)
113 creatures vanquished.

Vanquished Creatures (others)
  9 plants (D:1)
9 creatures vanquished.

Grand Total: 122 creatures vanquished

Notes
Turn   | Place    | Note
-------+----------+-------------------------------------------
     0 | D:1      | carsquan the Hill Orc Fighter began the quest for the Orb.
     0 | D:1      | Reached XP level 1. HP: 19/19 MP: 1/1
    45 | D:1      | Reached XP level 2. HP: 20/27 MP: 2/2
   304 | D:1      | Learned a level 1 spell: Summon Small Mammal
   520 | D:1      | Reached skill level 3 in Axes
   528 | D:1      | Reached XP level 3. HP: 30/33 MP: 3/3
  1795 | D:2      | Noticed Jessica
  1805 | D:2      | Killed Jessica
  1806 | D:2      | Reached skill level 4 in Axes
  1806 | D:2      | Reached XP level 4. HP: 40/40 MP: 4/4
  2209 | D:2      | Found a faded altar of an unknown god.
  2221 | D:2      | Prayed at the altar of an unknown god.
  2221 | D:2      | Became a worshipper of Ashenzari the Shackled
  2313 | D:2      | Found a white marble altar of Elyvilon.
  2382 | D:2      | Identified the +2 ring mail "Hofil" {Str+5}
  2713 | D:3      | Reached skill level 5 in Axes
  2740 | D:3      | Reached XP level 5. HP: 46/46 MP: 5/5
  2799 | D:3      | Learned a level 1 spell: Beastly Appendage
  2935 | D:3      | Reached * piety under Ashenzari
  3401 | D:4      | Found Lauger's Magic Scroll Boutique.
  3801 | D:4      | Reached ** piety under Ashenzari
  3810 | D:4      | Reached skill level 6 in Axes
  3810 | D:4      | Reached XP level 6. HP: 53/57 MP: 6/6
  4171 | D:5      | Entered Level 5 of the Dungeon
  4171 | D:5      | Found Neulyic's General Store.
  4689 | D:5      | Reached skill level 5 in Fighting
  4689 | D:5      | Reached skill level 7 in Axes
  4689 | D:5      | Reached XP level 7. HP: 55/63 MP: 7/7
  5167 | D:5      | Reached skill level 5 in Armour
  5229 | D:6      | Noticed Prince Ribbit
  5231 | D:6      | Found a staircase to the Ecumenical Temple.
  5240 | D:6      | Reached skill level 8 in Axes
  5256 | D:6      | Mangled by Prince Ribbit

Illustrated notes

Levels and vault maps discovered:
D:1:      nicolae_arrival_memento_mori, layout_basic, lexackson_kobold_supper
D:2:      layout_loops_cross, basic_altar, shapermc_ecumenical_altar_pompeii,
          minmay_distorted, uniq_jessica
D:3:      layout_rooms, minivault_4
D:4:      layout_loops_cross, serial_shops, nicolae_shop_stone, hex_tiny
D:5:      layout_basic, serial_shops,
          nicolae_shop_temple_entry_statues_fountains
D:6:      layout_loops_ring, minmay_temple_entry_mini_moons,
          nicolae_shop_vocational, uniq_duvessa, uniq_pikel, uniq_prince_ribbit1

Skill      XL: |  1  2  3  4  5  6  7 |
---------------+----------------------+-----
Fighting       | 4 5 |  5.3
Axes           | 3 4 5 6 7 8 |  8.3
Armour         | 4 5 |  5.0
Dodging        | |  0.4
Stealth        | |  0.5
Shields        | |  3.9
Spellcasting   | |  0.2
Summonings     | |  0.1

Action                   |  1- 3 |  4- 6 |  7- 9 || total
-------------------------+-------+-------+-------++-------
Melee: War axe           |   277 |   124 |    32 ||   433
 Cast: Summon Small Mamm |       |     1 |       ||     1
       Beastly Appendage |       |     2 |       ||     2
Invok: Curse Item        |       |     3 |       ||     3
  Use: Scroll            |     6 |     2 |       ||     8
       Potion            |       |       |     1 ||     1
Armor: Scale mail        |    73 |    12 |       ||    85
       Ring mail         |       |    34 |     9 ||    43
Dodge: Dodged            |    70 |    50 |    20 ||   140
Block: Buckler           |    30 |    24 |     3 ||    57
